 Dungeon Crawl Stone Soup version 0.29-a0-617-g7a6b98fccd (webtiles) character file.

Game seed: 4443007563690456052

121 shoop the Conjurer (level 5, -3/38 HPs)
             Began as a Meteoran Hedge Wizard on June 18, 2022.
             Was a Plaything of Xom.
             Slain by an iron imp (7 damage)
             ... summoned by Xom
             ... on level 4 of the Dungeon.
             The game lasted 00:08:01 (1086 turns).

shoop the Conjurer (Meteoran Hedge Wizard)          Turns: 1086, Time: 00:08:01

Health: -3/38      AC:  2    Str: 11    XL:     5   Next: 52%
Magic:  4/12       EV: 12    Int: 18    God:    Xom [......]
Gold:   82         SH:  0    Dex: 13    Spells: 6/12 levels left

rFire   . . .      SeeInvis .   j - +0 hand axe
rCold   . . .      Faith    .   (no shield)
rNeg    . . .      Spirit   .   b - +0 robe
rPois   .          Reflect  .   c - +0 hat
rElec   .          Harm     .   (no cloak)
rCorr   .          Rampage  .   (no gloves)
Will    .....                   (no boots)
Stlth   +.........              (no amulet)
HPRegen 0.12/turn               (no ring)
MPRegen 0.13/turn               (no ring)

@: about to teleport, attractive, glowing
A: sense surroundings 1, otherworldly, glowing, explore regen
a: Renounce Religion


You were on level 4 of the Dungeon.
You worshipped Xom.
You were a very special plaything of Xom.
You visited 1 branch of the dungeon, and saw 5 of its levels.

You collected 82 gold pieces.

Inventory:

Hand Weapons
 a - a +0 dagger
 j - a +0 hand axe (weapon)
Missiles
 k - 7 poisoned darts
Armour
 b - a +0 robe (worn)
 c - a +0 hat (worn)
 o - an orb of energy
Scrolls
 f - a scroll of immolation {unknown}
 h - 2 scrolls of magic mapping {unknown}
 i - a scroll of torment {unknown}
 l - a scroll of teleportation
 n - a scroll of blinking {unknown}
 p - 4 scrolls of identify {unknown}
 q - a scroll of enchant armour {unknown}
 r - a scroll of noise {unknown}
 t - a scroll of summoning {unknown}
Potions
 d - a potion of magic
 e - a potion of curing {unknown}
 g - 2 potions of attraction
 m - a potion of heal wounds {unknown}
 s - a potion of berserk rage {unknown}


   Skills:
 - Level 2.4 Dodging
 - Level 1.4 Stealth
 - Level 4.0 Spellcasting
 * Level 4.4 Conjurations
 - Level 1.2 Summonings
 - Level 2.0 Translocations
 + Level 1.8 Air Magic
 + Level 1.9 Poison Magic


You had 6 spell levels left.
You knew the following spells:

 Your Spells              Type           Power      Damage    Failure   Level
a - Magic Dart            Conj           76%        1d6       2%          1
b - Blink                 Tloc           20%        N/A       10%         2
c - Mephitic Cloud        Conj/Pois/Air  13%        N/A       14%         3

Your spell library contained the following spells:

 Spells                   Type           Power      Damage    Failure   Level
 Summon Small Mammal      Summ           32%        N/A       9%          1
 Slow                     Hex            12%        N/A       14%         1
 Call Imp                 Summ           8%         N/A       14%         2
 Conjure Flame            Conj/Fire      11%        6-21      19%         3
 Call Canine Familiar     Summ           8%         N/A       26%         3
 Summon Guardian Golem    Hex/Summ       5%         N/A       34%         3
 Alistair's Intoxication  Tmut/Pois      4%         N/A       95%         5
 Borgnjor's Vile Clutch   Necr/Erth      1%         N/A       99%         5
 Eringya's Noxious Bog    Tmut/Pois      3%         N/A       100%        6


Dungeon Overview and Level Annotations

Branches:
Dungeon (5/15) Zot: 1909
 Temple: D:4-7

Altars:
Xom


Innate Abilities, Weirdness & Mutations

You passively map a small area around you.
You are easily found by Zot.
You glow in the dark.
You regain HP and MP as you explore.


Message History

Confirm with . or Enter, or press ? or * to list all spells.
Aiming: Magic Dart (safe; 2% risk of failure)
Press: ? - help, Shift-Dir - straight line, f/p - phantom
Aim: a phantom (moderately damaged, fast, 100% to hit)
The magic dart hits the phantom.
The phantom is moderately damaged.
The phantom hits you.
Unknown command.
Casting: Magic Dart (safe; 2% risk of failure)
Confirm with . or Enter, or press ? or * to list all spells.
Aiming: Magic Dart (safe; 2% risk of failure)
Press: ? - help, Shift-Dir - straight line, f/p - phantom
Aim: a phantom (moderately damaged, fast, 100% to hit)
The magic dart hits the phantom but does no damage.
The phantom is moderately damaged.
The phantom misses you. The phantom hits you.
* * * LOW HITPOINT WARNING * * *
Casting: Magic Dart (safe; 2% risk of failure)
Confirm with . or Enter, or press ? or * to list all spells.
Aiming: Magic Dart (safe; 2% risk of failure)
Press: ? - help, Shift-Dir - straight line, f/p - phantom
Aim: a phantom (moderately damaged, fast, 100% to hit)
The magic dart hits the phantom but does no damage.
The phantom is moderately damaged.
The phantom hits you.
* * * LOW HITPOINT WARNING * * *
The phantom blinks!
You blink.
It was a potion of attraction.
You feel attractive to monsters.
Xom thinks this is hilarious!
The phantom hits you.
* * * LOW HITPOINT WARNING * * *
The phantom blinks!
You blink.
The phantom misses you. The iron imp is attracted toward you.
Unknown command.
As you read the scroll labelled LELAMYA WOGU, it crumbles to dust.
You feel strangely unstable.
It was a scroll of teleportation.
The phantom barely misses you. The iron imp hits you!
You die...
Xom guffaws!

#........... ####...........
,..., #..#........... ....
#.......)...... .....
##..#.##........ .....
##...#.##<.......
.....>.#####.§..#...........
..............§...##........
..........@......#.........
#..###...5W...............
####.###..§............#####
#.........§...........######
#.....#...........#.........
#####................#######
##..÷..........### ####
#...#........#.....#...
#...#..................


You could see a phantom (fast) and an iron imp (summoned).

Vanquished Creatures
  A hound (D:5)
  An iguana (D:4)
  2 adders (D:3)
  3 worms
  A dart slug (D:1)
  2 orcs
  4 endoplasms
  2 giant cockroaches (D:3)
  4 goblins
  4 hobgoblins
  A kobold (D:3)
  A quokka (D:4)
  6 ball pythons
  A bat (D:3)
  3 frilled lizards (D:3)
  A rat (D:1)
37 creatures vanquished.

Notes
Turn   | Place    | Note
-------+----------+-------------------------------------------
     0 | D:1      | shoop the Meteoran Hedge Wizard began the quest for the
                  | Orb.
     0 | D:1      | Reached XP level 1. HP: 14/14 MP: 6/6
    20 | D:1      | Found a faded altar of an unknown god.
    28 | D:1      | Prayed at the altar of an unknown god.
    28 | D:1      | Became a worshipper of Xom of Chaos
   167 | D:1      | Reached XP level 2. HP: 16/20 MP: 2/8
   172 | D:1      | Learned a level 2 spell: Blink
   433 | D:2      | XOM: silly message
   488 | D:3      | Reached XP level 3. HP: 19/26 MP: 2/9
   490 | D:3      | XOM: 4-stop teleportation journey
   497 | D:3      | Learned a level 3 spell: Mephitic Cloud
   637 | D:3      | Reached XP level 4. HP: 33/33 MP: 9/11
   687 | D:4      | Reached skill level 1 in Poison Magic
   740 | D:3      | Reached skill level 1 in Air Magic
   860 | D:5      | Entered Level 5 of the Dungeon
   882 | D:5      | Reached XP level 5. HP: 36/38 MP: 3/12
   882 | D:5      | Noticed a phantom
   907 | D:4      | Noticed a phantom
   910 | D:4      | XOM: noise
   916 | D:4      | XOM: 5-stop teleportation journey
   921 | D:4      | XOM: butterfly on damage
  1073 | D:4      | XOM: enchant monster (bad)
  1076 | D:4      | XOM: summons 1 hostile demon
  1086 | D:4      | Slain by an iron imp

Illustrated notes

Levels and vault maps discovered:
D:1:      lemuel_arrival_cross, layout_basic,
          chequers_ecumenical_altar_simple_redux
D:2:      layout_loops_ring
D:3:      layout_loops_corners, minmay_misc_feat_doors, minmay_quadrilaterals
D:4:      layout_rooms
D:5:      layout_basic, elyvilon_altar_1, minmay_circle_x

Skill      XL: |  1  2  3  4 |
---------------+-------------+-----
Conjurations   | 2 3 4 |  4.4
Translocations | 2 |  2.0
Poison Magic   | 1 |  1.9
Air Magic      | 1 |  1.8
Dodging        | |  2.4
Stealth        | |  1.4
Spellcasting   | |  4.0
Summonings     | |  1.2

Action                   |  1- 3 |  4- 6 || total
-------------------------+-------+-------++-------
Melee: Dagger            |     1 |       ||     1
       Hand axe          |     1 |    10 ||    11
 Cast: Magic Dart        |    53 |    75 ||   128
       Mephitic Cloud    |       |     1 ||     1
  Use: Scroll            |       |     1 ||     1
       Potion            |       |     1 ||     1
 Stab: Sleeping          |     1 |       ||     1
Armor: Robe              |     5 |     5 ||    10
Dodge: Dodged            |     5 |    12 ||    17

Table legend: (Time is in decaauts)
 A = Elapsed time spent in this place.
 B = Non-inter-level travel time spent in this place.
 C = Inter-level travel time spent in this place.
 D = Time resting spent in this place.
 E = Time spent auto-exploring this place.
 F = Levels seen in this place.
 G = Mean time per level.
                   A        B        C        D        E       F      G
               +--------+--------+--------+--------+--------+-----+--------+
         Total |   1089 |   1089 |      0 |      0 |      0 |   5 |  217.8 |
       Dungeon |   1089 |   1089 |      0 |      0 |      0 |   5 |  217.8 |
               +--------+--------+--------+--------+--------+-----+--------+

Top non-repeatable levels by time:
     D:4: 326 daAuts
     D:1: 280 daAuts
     D:3: 246 daAuts
     D:2: 200 daAuts
     D:5: 35 daAuts
